 Dungeon Crawl Stone Soup version 0.29-a0-40-g8eb35efe60 (webtiles) character file.

Game seed: 13083905700559125602

9517 enile the Cruncher (level 11, -4/82 HPs)
             Began as a Gnoll Wanderer on Feb 2, 2022.
             Was a Believer of Makhleb.
             Slain by dracfodder's ghost (6 damage)
             ... on level 10 of the Dungeon.
             The game lasted 00:28:54 (12768 turns).

enile the Cruncher (Gnoll Wanderer)                Turns: 12768, Time: 00:28:55

Health: -4/82      AC: 10    Str: 13    XL:     11   Next: 47%
Magic:  21/21      EV: 38    Int: 10    God:    Makhleb [**....]
Gold:   644        SH:  0    Dex: 16    Spells: 13/24 levels left

rFire   . . .      SeeInvis .   Q - +7 flail of Ashenzari's Hope {drain, Fragile rElec rN+}
rCold   . . .      Faith    .   r - orb {*Rage}
rNeg    + . .      Spirit   .   R - +2 steam dragon scales
rPois   .          Reflect  .   (no helmet)
rElec   +          Harm     .   c - +0 cloak
rCorr   .          Rampage  .   (no gloves)
Will    .....      Rage     20% (no boots)
Stlth   ++++......              e - amulet of the acrobat
HPRegen 0.23/turn               C - +4 ring of evasion
MPRegen 0.17/turn               l - +4 ring of evasion

@: on berserk cooldown, acrobatic, slowed, very slow
A: fangs 1, strong nose, distributed training
a: Renounce Religion, Minor Destruction


You were on level 10 of the Dungeon.
You worshipped Makhleb.
Makhleb was pleased with you.
You visited 2 branches of the dungeon, and saw 11 of its levels.
You visited the Abyss 1 time.
You also visited: Bailey.

You collected 644 gold pieces.

Inventory:

Hand Weapons
 a - a +0 vorpal quarterstaff
 b - a +0 spear
 m - a +1 dagger of electrocution
 D - a +0 great sword
 N - a +1 war axe of electrocution
 Q - the +7 flail of Ashenzari's Hope (weapon) {drain, Fragile rElec rN+}
   (You found it in a bailey)

   A truly terrible weapon, it drains the life of any living foe it strikes.
   rElec:     It insulates you from electricity.
   rN:        It protects you from negative energy.
   Fragile:   It will be destroyed if unequipped.
 V - a +0 dagger of chaos
 Y - a +0 war axe
 Z - a +0 rapier of electrocution
Armour
 c - a +0 cloak (worn)
 d - a +0 robe
 f - a +0 ring mail
 r - an orb of wrath (worn)
 A - a +0 buckler
 G - a +1 ring mail of fire resistance
 J - a +4 ring mail
 M - a +0 scale mail of cold resistance
 O - a +0 plate armour
 P - a +2 robe of positive energy
 R - +2 steam dragon scales (worn)
 U - a +2 robe of willpower
Magical Staves
 t - a staff of fire
Jewellery
 e - an amulet of the acrobat (around neck)
 l - a +4 ring of evasion (right hand)
 C - a +4 ring of evasion (left hand)
 E - a ring of protection from fire
 T - an amulet of magic regeneration
Wands
 n - a wand of paralysis (2)
 L - a wand of flame (22)
Scrolls
 i - 3 scrolls of magic mapping
 u - a scroll of noise
 v - 2 scrolls of fear
 x - 2 scrolls of immolation
 y - a scroll of fog
 z - a scroll of torment
 H - a scroll of holy word
 X - a scroll of vulnerability
Potions
 g - 2 potions of curing
 j - 4 potions of degeneration {unknown}
 k - 2 potions of lignification {unknown}
 o - 2 potions of invisibility {unknown}
 p - 2 potions of might {unknown}
 q - 3 potions of brilliance {unknown}
 s - 3 potions of mutation {unknown}
 w - 2 potions of cancellation {unknown}
 F - 8 potions of heal wounds {unknown}
 I - a potion of flight {unknown}
 K - a potion of attraction {unknown}
 W - a potion of berserk rage {unknown}


   Skills:
 + Level 6.3 Fighting
 + Level 6.3 Short Blades
 + Level 6.3 Long Blades
 + Level 6.3 Axes
 + Level 6.3 Maces & Flails
 + Level 6.9 Polearms
 + Level 10.6 Staves
 + Level 6.3 Slings
 + Level 6.3 Bows
 + Level 6.3 Crossbows
 + Level 6.3 Throwing
 + Level 7.9 Armour
 + Level 6.3 Dodging
 + Level 7.7 Stealth
 + Level 6.3 Shields
 + Level 6.3 Unarmed Combat
 + Level 7.0 Spellcasting
 + Level 5.2 Conjurations
 + Level 5.2 Hexes
 + Level 5.2 Summonings
 + Level 5.2 Necromancy
 + Level 5.2 Translocations
 + Level 5.2 Transmutations
 + Level 5.2 Fire Magic
 + Level 5.2 Ice Magic
 + Level 5.2 Air Magic
 + Level 5.2 Earth Magic
 + Level 5.2 Poison Magic
 + Level 6.9 Invocations
 + Level 6.3 Evocations


You had 13 spell levels left.
You knew the following spells:

 Your Spells              Type           Power      Damage    Failure   Level
a - Ensorcelled Hibernat  Hex/Ice        28%        N/A       3%          2
b - Passwall              Tmut/Erth      11%        N/A       3%          2
c - Swiftness             Air            14%        N/A       6%          3
d - Iskenderun's Mystic   Conj/Tloc      14%        2d5       22%         4

Your spell library contained the following spells:

 Spells                   Type           Power      Damage    Failure   Level
 Freeze                   Ice            56%        1d7       2%          1
 Gell's Gravitas          Tloc           14%        N/A       6%          3
 Lesser Beckoning         Tloc           14%        N/A       6%          3
 Ozocubu's Armour         Ice            14%        N/A       6%          3
 Teleport Other           Tloc           14%        N/A       6%          3
 Tukima's Dance           Hex            14%        N/A       6%          3
 Fulminant Prism          Conj/Hex       7%         3d7       22%         4
 Passage of Golubria      Tloc           14%        N/A       22%         4
 Freezing Cloud           Conj/Ice/Air   7%         6-21      52%         5
 Lee's Rapid Deconstruct  Erth           7%         3d7*      52%         5
 Yara's Violent Unravell  Hex/Tmut       7%         3d5       52%         5


Dungeon Overview and Level Annotations

Branches:
Dungeon (10/15)            Temple (1/1) D:7             Orc (0/2) D:9
 Bailey (visited)
   Lair: D:8-11

Altars:
Ashenzari
Cheibriados
Dithmenos
Elyvilon
Fedhas
Gozag
Hepliaklqana
Kikubaaqudgha
Makhleb
Nemelex Xobeh
Okawaru
Qazlal
Ru
Sif Muna
Trog
Uskayaw
Vehumet
Wu Jian
Xom
Yredelemnul
Zin
The Shining One
Beogh

Annotations:
D:3 2 transporters
D:10 dracfodder's ghost, journeyman GrBe


Innate Abilities, Weirdness & Mutations

You have very sharp teeth.
Your uncanny sense of smell can sniff out nearby items.
Your experience applies equally to all skills.


Message History

The orc warrior closely misses you.
You hit dracfodder's ghost.
Dracfodder's ghost is heavily damaged.
Dracfodder's ghost hits you!
* * * LOW HITPOINT WARNING * * *
Dracfodder's ghost freezes you.
* * * LOW HITPOINT WARNING * * *
The orc warrior closely misses you.
You closely miss dracfodder's ghost.
Dracfodder's ghost is heavily damaged.
Dracfodder's ghost hits you!
* * * LOW HITPOINT WARNING * * *
Dracfodder's ghost freezes you.
* * * LOW HITPOINT WARNING * * *
The orc warrior closely misses you.
You feel a strong urge to attack something.
You are no longer berserk.
You are exhausted.
You feel yourself slow down.
Throw: throwing net
Press: ? - help, Q - select action, (/) - cycle Shift-Dir - straight line, f - dracfodder's ghost
Aim: dracfodder's ghost, wielding a weapon of freezing (moderately damaged, 60% to hit, immune to nets)
You throw a throwing net.
The throwing net closely misses dracfodder's ghost.
The throwing net hits the orc warrior.
The orc warrior is caught in the net!
The orc warrior struggles against the net.
Aiming: Paralyse
Press: ? - help, Shift-Dir - straight line, f/p - dracfodder's ghost
Aim: dracfodder's ghost, wielding a weapon of freezing (moderately damaged, chance to affect: 20%)
Okay, then.
The orc warrior struggles against the net. x2
Dracfodder's ghost misses you.
Dracfodder's ghost shouts, "What do you have that I didn't have?"
Dracfodder's ghost completely misses you. x2
Press: ? - help, v - describe, . - travel The floor.
Dracfodder's ghost hits you!
* * * LOW HITPOINT WARNING * * *
Dracfodder's ghost freezes you.
You die...

###........#.#.........#....#..#.
..#........#.#######'###....#..'.
..#........#................#..##
..#........#...........######....
..#........#...........#.........
#'#........#...........#.........
....>......#...........'.........
...........#############.........
................@W...............
.................................
.................................
)........###+#.....o.o...........
.........#.>.##+######...........
.........#...........#.#######...
####(....#...........#.#.....#...
#.....#.......>)..#o#.....#..#
#.....#...........#o##....#..#


You could see 2 orc warriors and dracfodder's ghost.

Vanquished Creatures
  An ettin (shapeshifter) (D:10)
  Harold (D:9)
  Erolcha (D:9)
  An orc knight (Bailey)
  A wizard (D:10)
  A deep elf pyromancer (Bailey)
  A cyclops (D:10)
  Maggie (D:8)
  Psyche (D:9)
  3 trolls (D:10)
  A hornet (D:9)
  3 shadows
  Eustachio (D:6)
  Grum (D:8)
  2 steam dragons
  2 water moccasins
  A black bear (D:3)
  7 orc warriors
  An ogre (D:5)
  4 centaurs
  3 wolves (D:8)
  2 kobold brigands
  A gnoll sergeant (D:10)
  A scorpion (D:5)
  A water moccasin skeleton (D:4)
  4 killer bees (D:10)
  9 wights
  A centaur zombie (D:6)
  3 bullfrog zombies
  A hound (D:6)
  A bullfrog skeleton (D:7)
  5 jellies
  Jessica (D:2)
  2 centaur skeletons
  5 iguanas
  5 orc wizards
  A hound skeleton (D:5)
  2 howler monkey zombies
  5 gnolls (D:10)
  3 adders
  A white imp (D:6)
  2 ufetubi
  An adder skeleton (D:4)
  3 dart slugs
  32 orcs
  3 ball pythons
  2 endoplasms
  8 goblins
  6 hobgoblins
  17 kobolds
  2 quokkas
  6 bats
  4 frilled lizards
  9 rats
187 creatures vanquished.

Vanquished Creatures (others)
  Maurice (D:8)
1 creature vanquished.

Grand Total: 188 creatures vanquished

Notes
Turn   | Place    | Note
-------+----------+-------------------------------------------
     0 | D:1      | enile the Gnoll Wanderer began the quest for the Orb.
     0 | D:1      | enile set off with the following items: a +0 vorpal
                  | quarterstaff, a +0 spear, a +0 cloak, a +0 robe
     0 | D:1      | Reached XP level 1. HP: 13/13 MP: 4/4
   187 | D:1      | Reached XP level 2. HP: 14/20 MP: 5/5
  1048 | D:2      | Noticed Jessica
  1053 | D:2      | Killed Jessica
  1054 | D:2      | Reached skill level 1 in Invocations
  1054 | D:2      | Reached XP level 3. HP: 16/25 MP: 7/7
  1235 | D:2      | You fall into a shaft and drop 1 floor!
  1266 | D:3      | Found a transporter.
  1275 | D:3      | Reached skill level 1 in Fighting
  1275 | D:3      | Reached skill level 1 in Short Blades
  1275 | D:3      | Reached skill level 1 in Long Blades
  1275 | D:3      | Reached skill level 1 in Axes
  1275 | D:3      | Reached skill level 1 in Maces & Flails
  1275 | D:3      | Reached skill level 1 in Slings
  1275 | D:3      | Reached skill level 1 in Bows
  1275 | D:3      | Reached skill level 1 in Crossbows
  1275 | D:3      | Reached skill level 1 in Throwing
  1275 | D:3      | Reached skill level 1 in Dodging
  1275 | D:3      | Reached skill level 1 in Shields
  1275 | D:3      | Reached skill level 1 in Unarmed Combat
  1275 | D:3      | Reached skill level 1 in Evocations
  1307 | D:3      | Reached XP level 4. HP: 32/32 MP: 8/8
  1382 | D:3      | Reached skill level 1 in Conjurations
  1382 | D:3      | Reached skill level 1 in Hexes
  1382 | D:3      | Reached skill level 1 in Summonings
  1382 | D:3      | Reached skill level 1 in Necromancy
  1382 | D:3      | Reached skill level 1 in Translocations
  1382 | D:3      | Reached skill level 1 in Transmutations
  1382 | D:3      | Reached skill level 1 in Fire Magic
  1382 | D:3      | Reached skill level 1 in Ice Magic
  1382 | D:3      | Reached skill level 1 in Air Magic
  1382 | D:3      | Reached skill level 1 in Earth Magic
  1382 | D:3      | Reached skill level 1 in Poison Magic
  1387 | D:3      | Noticed a black bear
  2098 | D:3      | Killed a black bear
  2099 | D:3      | Reached XP level 5. HP: 24/37 MP: 9/9
  2441 | D:3      | Found a transporter.
  2669 | D:4      | Reached XP level 6. HP: 44/44 MP: 10/10
  2889 | D:4      | Reached skill level 5 in Armour
  3294 | D:5      | Entered Level 5 of the Dungeon
  3502 | D:5      | Reached XP level 7. HP: 27/50 MP: 12/12
  3983 | D:5      | Reached skill level 9 in Staves
  3983 | D:5      | Reached skill level 5 in Stealth
  4805 | D:6      | Noticed Eustachio
  4811 | D:6      | Learned a level 2 spell: Ensorcelled Hibernation
  4829 | D:6      | Killed Eustachio
  4830 | D:6      | Reached XP level 8. HP: 53/58 MP: 12/14
  5957 | D:7      | Learned a level 2 spell: Passwall
  6516 | D:7      | Found a sacrificial altar of Ru.
  6778 | D:7      | Found a staircase to the Ecumenical Temple.
  6830 | Temple   | Entered the Ecumenical Temple
  7070 | Temple   | Became a worshipper of Makhleb the Destroyer
  7146 | D:8      | Reached XP level 9. HP: 65/65 MP: 16/16
  7335 | D:8      | Found a flagged portal.
  7353 | D:8      | Learned a level 3 spell: Swiftness
  7354 | Bailey   | Entered a bailey
  7500 | Bailey   | Reached skill level 5 in Spellcasting
  7511 | Bailey   | Reached skill level 5 in Polearms
  7546 | Bailey   | Noticed an orc knight
  7609 | Bailey   | Found a large runed translucent door.
  7609 | Bailey   | Found a large runed translucent door.
  7610 | Bailey   | Noticed a deep elf pyromancer
  7982 | Bailey   | Killed an orc knight
  8394 | Bailey   | Killed a deep elf pyromancer
  8395 | Bailey   | Reached skill level 5 in Invocations
  8408 | Bailey   | Got the Compendium of Cold
  8409 | Bailey   | Identified the +7 flail of Ashenzari's Hope {drain, Fragile
                  | rElec rN+}
  8515 | D:8      | Reached * piety under Makhleb
  8516 | D:8      | Reached XP level 10. HP: 73/73 MP: 18/18
  8533 | D:8      | Learned a level 4 spell: Iskenderun's Mystic Blast
  8548 | D:8      | Noticed Maggie
  8570 | D:8      | Killed Maggie
  8580 | D:8      | Reached skill level 5 in Fighting
  8580 | D:8      | Reached skill level 5 in Short Blades
  8580 | D:8      | Reached skill level 5 in Long Blades
  8580 | D:8      | Reached skill level 5 in Axes
  8580 | D:8      | Reached skill level 5 in Maces & Flails
  8580 | D:8      | Reached skill level 5 in Slings
  8580 | D:8      | Reached skill level 5 in Bows
  8580 | D:8      | Reached skill level 5 in Crossbows
  8580 | D:8      | Reached skill level 5 in Throwing
  8580 | D:8      | Reached skill level 5 in Dodging
  8580 | D:8      | Reached skill level 5 in Shields
  8580 | D:8      | Reached skill level 5 in Unarmed Combat
  8580 | D:8      | Reached skill level 5 in Evocations
  8774 | D:8      | Noticed Grum
  8782 | D:8      | Reached skill level 10 in Staves
  8786 | D:8      | Killed Grum
  9306 | D:9      | Noticed Maurice
  9625 | D:9      | Noticed Harold
  9640 | D:9      | Killed Harold
  9867 | D:8      | Killed Maurice
 10161 | D:9      | Noticed Erolcha
 10168 | D:9      | Cast into level 2 of the Abyss (Erolcha)
 10206 | D:9      | Escaped the Abyss
 10231 | D:9      | Killed Erolcha
 10336 | D:9      | Found a staircase to the Orcish Mines.
 10368 | D:9      | Noticed Psyche
 10376 | D:9      | Killed Psyche
 10540 | D:9      | Reached XP level 11. HP: 81/81 MP: 20/20
 10967 | D:10     | Entered Level 10 of the Dungeon
 11128 | D:10     | Noticed a cyclops
 11139 | D:10     | Killed a cyclops
 11139 | D:10     | Reached ** piety under Makhleb
 11164 | D:10     | Reached skill level 5 in Conjurations
 11164 | D:10     | Reached skill level 5 in Hexes
 11164 | D:10     | Reached skill level 5 in Summonings
 11164 | D:10     | Reached skill level 5 in Necromancy
 11164 | D:10     | Reached skill level 5 in Translocations
 11164 | D:10     | Reached skill level 5 in Transmutations
 11164 | D:10     | Reached skill level 5 in Fire Magic
 11164 | D:10     | Reached skill level 5 in Ice Magic
 11164 | D:10     | Reached skill level 5 in Air Magic
 11164 | D:10     | Reached skill level 5 in Earth Magic
 11164 | D:10     | Reached skill level 5 in Poison Magic
 11425 | D:10     | Found a runed translucent gate.
 11426 | D:10     | Found a runed translucent gate.
 11427 | D:10     | Found a runed translucent gate.
 11427 | D:10     | Identified the +2 plate armour of the Sturgeon {rN++ Int+3}
 11428 | D:10     | Noticed dracfodder's ghost (journeyman GrBe)
 11490 | D:10     | Noticed a wizard
 11490 | D:10     | Noticed a salamander
 12426 | D:10     | Noticed an ettin
 12438 | D:10     | Killed an ettin
 12482 | D:10     | Identified the +9 hand crossbow of Conscience {elec, Will+
                  | Str+2 Dex+4}
 12676 | D:10     | Killed a wizard
 12768 | D:10     | HP: 2/82 [dracfodder's ghost (14)]
 12768 | D:10     | Slain by dracfodder's ghost

Illustrated notes

Levels and vault maps discovered:
D:1:      evilmike_arrival_crescent, layout_basic
D:2:      layout_basic, uniq_jessica
D:3:      gammafunk_steamed_eel, layout_loops_ring
D:4:      layout_loops_ring
D:5:      layout_rooms
D:6:      layout_basic, uniq_eustachio
D:7:      layout_gridville, nicolae_ru_path_of_blood,
          minmay_temple_entry_overgrown
D:8:      layout_cave_pods, enter_bailey_4, chequers_serial_rivers_micro_a,
          uniq_maggie, uniq_grum
D:9:      layout_basic, orc_0_dummy, uniq_maurice, uniq_harold, uniq_psyche,
          uniq_erolcha
D:10:     layout_irregular_city, biasface_ghost_orc_armoury, minmay_checkerbox
Temple:   mainiacjoe_temple_archimedes_tessellation

Skill      XL: |  1  2  3  4  5  6  7  8  9 10 11 |
---------------+----------------------------------+-----
Invocations    | 1 2 3 4 5 6 |  6.9
Fighting       | 1 2 3 4 5 6 |  6.3
Short Blades   | 1 2 3 4 5 6 |  6.3
Long Blades    | 1 2 3 4 5 6 |  6.3
Axes           | 1 2 3 4 5 6 |  6.3
Maces & Flails | 1 2 3 4 5 6 |  6.3
Slings         | 1 2 3 4 5 6 |  6.3
Bows           | 1 2 3 4 5 6 |  6.3
Crossbows      | 1 2 3 4 5 6 |  6.3
Throwing       | 1 2 3 4 5 6 |  6.3
Dodging        | 1 2 3 4 5 6 |  6.3
Shields        | 1 2 3 4 5 6 |  6.3
Unarmed Combat | 1 2 3 4 5 6 |  6.3
Evocations     | 1 2 3 4 5 6 |  6.3
Spellcasting   | 3 4 5 6 7 |  7.0
Conjurations   | 1 2 3 4 5 |  5.2
Hexes          | 1 2 3 4 5 |  5.2
Summonings     | 1 2 3 4 5 |  5.2
Necromancy     | 1 2 3 4 5 |  5.2
Translocations | 1 2 3 4 5 |  5.2
Transmutations | 1 2 3 4 5 |  5.2
Fire Magic     | 1 2 3 4 5 |  5.2
Ice Magic      | 1 2 3 4 5 |  5.2
Air Magic      | 1 2 3 4 5 |  5.2
Earth Magic    | 1 2 3 4 5 |  5.2
Poison Magic   | 1 2 3 4 5 |  5.2
Polearms       | 3 4 5 6 |  6.9
Armour         | 5 6 7 |  7.9
Staves         | 9 10 | 10.6
Stealth        | 5 6 7 |  7.7

Action                   |  1- 3 |  4- 6 |  7- 9 | 10-12 || total
-------------------------+-------+-------+-------+-------++-------
Melee: Quarterstaff      |    50 |   116 |   150 |       ||   316
       Bite              |     1 |    14 |    32 |    26 ||    73
       War axe           |       |       |    50 |       ||    50
       Flail             |       |       |     5 |   224 ||   229
Throw: Throwing net      |       |       |       |     4 ||     4
 Cast: Ensorcelled Hiber |       |       |    11 |     4 ||    15
       Swiftness         |       |       |     1 |       ||     1
       Iskenderun's Myst |       |       |       |     5 ||     5
Evoke: Wand              |       |       |    19 |     2 ||    21
  Use: Scroll            |       |       |    12 |     6 ||    18
       Potion            |       |       |     1 |     1 ||     2
 Stab: Sleeping          |     1 |     4 |     9 |     2 ||    16
       Paralysed         |       |       |     6 |     9 ||    15
       Distracted        |       |       |     1 |     1 ||     2
Armor: Robe              |     3 |       |       |       ||     3
       Ring mail         |    11 |    30 |    63 |       ||   104
       Plate armour      |       |       |     9 |       ||     9
       Steam dragon scal |       |       |       |    48 ||    48
Dodge: Dodged            |    20 |    62 |   230 |   282 ||   594

Table legend: (Time is in decaauts)
 A = Elapsed time spent in this place.
 B = Non-inter-level travel time spent in this place.
 C = Inter-level travel time spent in this place.
 D = Time resting spent in this place.
 E = Time spent auto-exploring this place.
 F = Levels seen in this place.
 G = Mean time per level.
                   A        B        C        D        E       F      G
               +--------+--------+--------+--------+--------+-----+--------+
         Total |  13001 |  12555 |    446 |   1820 |   8157 |  13 | 1000.1 |
       Dungeon |  11519 |  11104 |    415 |   1293 |   7737 |  10 | 1151.9 |
        Temple |    252 |    222 |     30 |      0 |    203 |   1 |  252.0 |
         Abyss |     38 |     38 |      0 |      0 |      0 |   1 |   38.0 |
        Bailey |   1190 |   1190 |      0 |    527 |    217 |   1 | 1190.0 |
               +--------+--------+--------+--------+--------+-----+--------+

Top non-repeatable levels by time:
    D:10: 1768 daAuts
     D:8: 1750 daAuts
  Bailey: 1190 daAuts
     D:6: 1180 daAuts
     D:9: 1158 daAuts
     D:5: 1100 daAuts
     D:7: 1057 daAuts
     D:4: 963 daAuts
     D:1: 917 daAuts
     D:3: 833 daAuts
     D:2: 789 daAuts
  Temple: 252 daAuts
 Abyss:2: 38 daAuts
